 Dungeon Crawl Stone Soup version 0.27-a0-550-ge92ec0ca06 (webtiles) character file.

Game seed: 844243233587304113

261 Veldoneri the Slasher (level 5, -3/45 HPs)
             Began as a Minotaur Gladiator on Mar 8, 2021.
             Slain by a gnoll
             ... wielding a +0 halberd
              (14 damage)
             ... on level 3 of the Dungeon.
             The game lasted 00:07:51 (3129 turns).

Veldoneri the Slasher (Minotaur Gladiator)          Turns: 3129, Time: 00:07:52

Health: -3/45      AC:  7    Str: 19      XL:     5   Next: 96%
Magic:  4/4        EV: 13    Int:  4 (5)  God:
Gold:   114        SH:  0    Dex: 12      Spells: 4/4 levels left

rFire    . . .     SeeInvis .   a - +1 long sword
rCold    . . .     Faith    .   (no shield)
rNeg     . . .     Spirit   .   b - +0 leather armour
rPois    .         Reflect  .   c - +0 hat
rElec    .         Harm     .   (no cloak)
rCorr    .         Rampage  .   (no gloves)
Will     .....                  (no boots)
Stlth    +.........             (no amulet)
HPRegen  0.15/turn              g - +4 ring of protection
MPRegen  0.09/turn              (no ring)

@: mighty
A: horns 2, retaliatory headbutt
a: no special abilities


You were on level 3 of the Dungeon.
You visited 1 branch of the dungeon, and saw 3 of its levels.

You collected 114 gold pieces.

Inventory:

Hand Weapons
 a - a +1 long sword (weapon)
Missiles
 d - 3 throwing nets (quivered)
Armour
 b - a +0 leather armour (worn)
 c - a +0 hat (worn)
Jewellery
 g - a +4 ring of protection (left hand)
Scrolls
 e - a scroll of identify
Potions
 f - a potion of ambrosia
 h - a potion of curing
 i - a potion of might


   Skills:
 + Level 3.1 Fighting
 * Level 6.3 Long Blades
 - Level 2.0 Throwing
 * Level 3.1 Armour
 + Level 4.2 Dodging
 + Level 0.1 Stealth


You had 4 spell levels left.
You didn't know any spells.
Your spell library was empty.

Dungeon Overview and Level Annotations

Branches:
Dungeon (3/15)

Altars:
Ashenzari
Qazlal
Zin

Annotations:
D:3 Grinder


Innate Abilities, Weirdness & Mutations

You have a pair of horns on your head.
You reflexively headbutt those who attack you in melee.


Message History

The adder barely misses you. You furiously retaliate!
You headbutt the adder!
You kill the adder!
The gnoll hits you from afar with a +0 spear.
The gnoll hits you but does no damage.
You feel sick.
Grinder blinks!
You feel sick.
You see here a +0 leather armour.
You feel sick. The bat hits you but does no damage.
You hit the bat.
You kill the bat!
You feel sick.
You are no longer poisoned.
You slash the bullfrog!
The bullfrog is heavily wounded.
The bullfrog barely misses you. The gnoll hits you but does no damage.
You slash the bullfrog!
You kill the bullfrog!
The gnoll barely misses you.
You feel your dexterity returning.
Your Long Blades skill increases to level 6!
Your Armour skill increases to level 3!
A goblin comes into view.
The goblin shouts!
The goblin wields a +0 hunting sling.
The goblin shoots a stone.
The stone hits you.
The goblin shoots a stone.
The stone hits you.
The goblin shoots a stone.
The stone hits you but does no damage.
Grinder blinks!
The goblin unwields a +0 hunting sling.
The goblin hits you but does no damage.
You slash the goblin!
You kill the goblin!
The gnoll barely misses you.
You feel very mighty all of a sudden. The gnoll completely misses you.
The gnoll hits you from afar with a +0 spear.
* * * LOW HITPOINT WARNING * * *
The gnoll hits you from afar with a +0 halberd!
You die...

#.#......# .........###
...........#
)####.####.#
.##.....##.##
.#.......#..# #######
.#.......#..# #.^...#
....._......######.....#
.#.......#..5ggg@..)...#
.#.......#.#######.....#
.##.....##.# #######
.####.####.#
..†....g.g.#
...5....#### #########


You could see Grinder and 3 gnolls.

Vanquished Creatures
  A bullfrog (D:3)
  A hound (D:3)
  A worker ant (D:2)
  6 adders
  An ooze (D:3)
  2 worms
  3 dart slugs
  A leopard gecko (D:1)
  2 orcs
  A ball python (D:1)
  6 giant cockroaches
  11 goblins
  8 hobgoblins
  A jackal (D:2)
  3 quokkas
  8 bats
  3 frilled lizards (D:1)
  7 kobolds
  8 rats
74 creatures vanquished.

Notes
Turn   | Place    | Note
-------+----------+-------------------------------------------
     0 | D:1      | Veldoneri the Minotaur Gladiator began the quest for the
                  | Orb.
     0 | D:1      | Reached XP level 1. HP: 18/18 MP: 0/0
   183 | D:1      | Reached skill level 4 in Long Blades
   187 | D:1      | Reached XP level 2. HP: 14/25 MP: 1/1
   688 | D:1      | Reached XP level 3. HP: 30/30 MP: 2/2
   765 | D:1      | Reached skill level 1 in Armour
  1296 | D:2      | Found a stormy altar of Qazlal.
  1528 | D:2      | Reached XP level 4. HP: 37/37 MP: 3/3
  1542 | D:2      | Reached skill level 5 in Long Blades
  1580 | D:2      | HP: 1/37 [poisoned by an adder]
  2386 | D:2      | Found a broken altar of Ashenzari.
  2662 | D:3      | Reached XP level 5. HP: 38/45 MP: 4/4
  2958 | D:3      | Found a glowing silver altar of Zin.
  3088 | D:3      | Noticed Grinder
  3110 | D:3      | Reached skill level 6 in Long Blades
  3129 | D:3      | Slain by a gnoll

Illustrated notes

Levels and vault maps discovered:
D:1:      lemuel_arrival_lava_pool, layout_loops_ring
D:2:      layout_basic, nicolae_qazlal_general_emergency, marbit_many_paths,
          minmay_increasing_density
D:3:      layout_rooms, old_standard_altar, lemuel_round_altar,
          makhleb_heckhound_becter, uniq_grinder, uniq_sigmund

Skill      XL: |  1  2  3  4  5 |
---------------+----------------+-----
Long Blades    | 4 5 6 |  6.3
Armour         | 1 2 3 |  3.1
Dodging        | 4 |  4.2
Fighting       | 3 |  3.1
Throwing       | |  2.0
Stealth        | |  0.1

Action                   |  1- 3 |  4- 6 || total
-------------------------+-------+-------++-------
Melee: Long sword        |    73 |    80 ||   153
       Headbutt          |    14 |    11 ||    25
  Use: Potion            |     2 |     4 ||     6
       Scroll            |       |     6 ||     6
Armor: Leather armour    |    22 |    26 ||    48
Dodge: Dodged            |    49 |    52 ||   101
       Rpst.: Long sword |    13 |    13 ||    26

Table legend: (Time is in decaauts)
 A = Elapsed time spent in this place.
 B = Non-inter-level travel time spent in this place.
 C = Inter-level travel time spent in this place.
 D = Time resting spent in this place.
 E = Time spent auto-exploring this place.
 F = Levels seen in this place.
 G = Mean time per level.
                   A        B        C        D        E       F      G
               +--------+--------+--------+--------+--------+-----+--------+
         Total |   3152 |   2952 |    200 |   1154 |   1388 |   3 | 1050.7 |
       Dungeon |   3152 |   2952 |    200 |   1154 |   1388 |   3 | 1050.7 |
               +--------+--------+--------+--------+--------+-----+--------+

Top non-repeatable levels by time:
     D:2: 1663 daAuts
     D:1: 1009 daAuts
     D:3: 479 daAuts
